[Event "Titled Tuesday Blitz August 15 Early 2023"]
[White "Shcherbin, Matvei"]
[Black "Drygalov, Sergey"]
[WhiteFideId "24125164"]
[BlackFideId "24171743"]
[WhiteElo "2752"]
[BlackElo "2984"]
[Result "1-0"]
[Round "11"]
[TimeControl "180+1"]
[Date "2023.08.15"]
[WhiteClock "0:00:34"]
[BlackClock "0:00:09"]
[Board "19"]

1. e4 c5 2. Nf3 d6 3. Bb5+ Nd7 4. O-O Nf6 5. Re1 a6 6. Bd3 e6 7. c3 b5 8. Bc2 c4 9. a4 Bb7 10. d4 cxd3 11. Qxd3 bxa4 12. Bxa4 Qc7 13. e5 dxe5 14. Nxe5 Bc5 15. Bg5 O-O 16. Nxd7 Bxf2+ 17. Kxf2 Ng4+ 18. Ke2 Bxg2 19. h3 Qh2 20. Kd2 Bf1+ 21. Re2 Bxe2 22. Qxe2 Qd6+ 23. Kc2 h6 24. hxg4 Rfc8 25. Be3 Rc7 26. Nd2 a5 27. Ne4 Qe7 28. Rd1 Qh4 29. Bf4 Rca7 30. Bg3 Qe7 31. Qf3 Rc8 32. Bd6 Qh4 33. Rh1 Qd8 34. Ndf6+ Kh8 35. Qf4 1-0


[Site "https://www.chess.com"]

[Event "Titled Tuesday Blitz August 15 Early 2023"]
[White "GaiozNigalidze"]
[Black "Svane, Rasmus"]
[BlackFideId "4657101"]
[WhiteElo "2729"]
[BlackElo "2971"]
[Result "1-0"]
[Round "11"]
[TimeControl "180+1"]
[Date "2023.08.15"]
[WhiteClock "0:00:29"]
[BlackClock "0:00:18"]
[Board "20"]

1. c4 e6 2. Nf3 d5 3. g3 a6 4. b3 d4 5. Bg2 c5 6. e3 Nc6 7. exd4 cxd4 8. Ba3 Bxa3 9. Nxa3 Nge7 10. O-O O-O 11. d3 e5 12. Nd2 Qd6 13. Nc2 f5 14. a3 Be6 15. b4 Rad8 16. Rb1 e4 17. dxe4 f4 18. c5 Qc7 19. Nf3 Bg4 20. Nce1 Ng6 21. b5 Nce5 22. Qb3+ Kh8 23. bxa6 bxa6 24. Nxe5 Nxe5 25. f3 Rb8 26. Qd1 Rxb1 27. Qxb1 Be6 28. gxf4 Nc4 29. f5 Nd2 30. Qb6 Qxb6 31. cxb6 Nxf1 32. fxe6 Ne3 33. Bh3 Rb8 34. e7 g5 35. Bd7 1-0


[Site "https://www.chess.com"]

[Event "Titled Tuesday Blitz August 15 Early 2023"]
[White "Bryakin, Mikhail"]
[Black "Kazakouski, Valery"]
[WhiteFideId "4165314"]
[BlackFideId "13507443"]
[WhiteElo "2723"]
[BlackElo "2919"]
[Result "0-1"]
[Round "11"]
[TimeControl "180+1"]
[Date "2023.08.15"]
[WhiteClock "0:00:00"]
[BlackClock "0:00:41"]
[Board "21"]

1. c4 e6 2. g3 d5 3. Bg2 Nf6 4. Nf3 dxc4 5. Qa4+ Nbd7 6. Qxc4 a6 7. Qc2 c5 8. b3 b5 9. Bb2 Bb7 10. O-O Be7 11. a4 O-O 12. d3 Qb6 13. Nc3 Rac8 14. h3 Rfd8 15. axb5 axb5 16. Ra2 Nb8 17. Raa1 Nc6 18. Nd1 Nd5 19. Ne3 Nxe3 20. fxe3 c4 21. bxc4 bxc4 22. d4 Nb4 23. Qd2 Qc7 24. Bc3 Rb8 25. Rfb1 Bxf3 26. exf3 Nd5 27. Kh2 Rxb1 28. Rxb1 Ra8 29. e4 Nxc3 30. Qxc3 Ra3 31. Qc2 c3 32. f4 g6 33. h4 Qc4 34. d5 exd5 35. exd5 Ra2 36. Qb3 Qe2 37. Qb8+ Bf8 38. Rg1 c2 39. Qc8 Kg7 40. h5 Qxh5+ 41. Bh3 c1=Q+ 0-1


[Site "https://www.chess.com"]

[Event "Titled Tuesday Blitz August 15 Early 2023"]
[White "Kuznetsov, Felix"]
[Black "Demchenko, Anton"]
[WhiteFideId "34147990"]
[BlackFideId "4160258"]
[WhiteElo "2720"]
[BlackElo "2908"]
[Result "0-1"]
[Round "11"]
[TimeControl "180+1"]
[Date "2023.08.15"]
[WhiteClock "0:00:00"]
[BlackClock "0:00:13"]
[Board "22"]

1. e4 e5 2. Nf3 Nc6 3. Bc4 Nf6 4. d3 h6 5. Nbd2 d6 6. h3 Na5 7. c3 Nxc4 8. Nxc4 Be7 9. O-O O-O 10. Re1 Re8 11. d4 exd4 12. cxd4 d5 13. exd5 Nxd5 14. Nce5 Be6 15. Qa4 c6 16. Bd2 Bd6 17. b4 f6 18. Nd3 b5 19. Qc2 Rc8 20. Nc5 Bf7 21. Qf5 Ne7 22. Qg4 h5 23. Qe4 Bd5 24. Qd3 Bxc5 25. dxc5 Bxf3 26. Qxf3 Qxd2 27. Rad1 Qg5 28. Rd7 Nd5 29. Rd1 a6 30. a3 Re5 31. Ra7 Rce8 32. Kh2 Re1 33. Rxe1 Rxe1 34. Rxa6 Re6 35. g3 h4 36. gxh4 Qe5+ 37. Qg3 Qf5 38. Ra8+ Kh7 39. Ra7 Re7 40. Rxe7 Nxe7 41. Kg2 Nd5 42. Qd6 Qe4+ 43. Kg3 Nc3 44. h5 Ne2+ 45. Kh2 Nf4 0-1


[Site "https://www.chess.com"]

[Event "Titled Tuesday Blitz August 15 Early 2023"]
[White "Lagarde, Maxime"]
[Black "Matinian, Nikita"]
[WhiteFideId "662399"]
[BlackFideId "24129100"]
[WhiteElo "2883"]
[BlackElo "2717"]
[Result "1-0"]
[Round "11"]
[TimeControl "180+1"]
[Date "2023.08.15"]
[WhiteClock "0:00:50"]
[BlackClock "0:00:08"]
[Board "23"]

1. d4 Nf6 2. Bg5 d5 3. e3 c5 4. Bxf6 gxf6 5. dxc5 Qa5+ 6. Nd2 e5 7. Nf3 Be6 8. Be2 Nd7 9. O-O Qxc5 10. a3 Rg8 11. g3 f5 12. c4 f4 13. Nb3 Qc6 14. Na5 Qb6 15. cxd5 Bh3 16. Nc4 Qf6 17. exf4 exf4 18. Re1 Kd8 19. d6 Bh6 20. Qd5 Rc8 21. Na5 Nc5 22. Qe5 Qxe5 23. Nxe5 Rg7 24. b4 Ne4 25. Nxb7+ Ke8 26. Bb5+ Kf8 27. Rxe4 fxg3 28. hxg3 Bf5 29. Nd7+ Kg8 30. Nf6+ Kh8 31. d7 1-0


[Site "https://www.chess.com"]

[Event "Titled Tuesday Blitz August 15 Early 2023"]
[White "Mekhitarian, Krikor Sevag"]
[Black "Hoang, Thi Bao Tram"]
[WhiteFideId "2107660"]
[BlackFideId "12401102"]
[WhiteElo "2801"]
[BlackElo "2688"]
[Result "1-0"]
[Round "11"]
[TimeControl "180+1"]
[Date "2023.08.15"]
[WhiteClock "0:00:04"]
[BlackClock "0:00:06"]
[Board "24"]

1. Nf3 Nf6 2. c4 c6 3. d4 d5 4. e3 g6 5. Nc3 Bg7 6. Be2 O-O 7. O-O a6 8. h3 Re8 9. b4 Be6 10. Ng5 Bf5 11. Qb3 h6 12. Nf3 Be6 13. Bb2 Ne4 14. Nxe4 dxe4 15. Nd2 f5 16. Qc2 Bf7 17. f3 exf3 18. Nxf3 Nd7 19. Rad1 Qb6 20. a3 Rad8 21. e4 f4 22. e5 Nf8 23. Kh2 g5 24. Bd3 a5 25. Bc3 axb4 26. axb4 Ra8 27. Ra1 Red8 28. Rfe1 Qc7 29. Bb2 Rxa1 30. Rxa1 Qb8 31. Re1 b5 32. cxb5 cxb5 33. Qc5 Qb7 34. Qxb5 Qxb5 35. Bxb5 Rb8 36. Bf1 Rxb4 37. Ba3 Rb7 38. Bd3 Bd5 39. Be4 Bxe4 40. Rxe4 Rd7 41. e6 Rb7 42. d5 Ng6 43. Nd2 Bf6 44. Nc4 Rb3 45. d6 exd6 46. Bxd6 Rb7 47. Ba3 Be7 48. Bxe7 Rxe7 49. Nd6 Nf8 50. Nf5 Rxe6 51. Ra4 Kf7 52. Nd4 Rd6 53. Ra7+ Rd7 54. Ra4 Kg6 55. Nf3 Ne6 56. Ne5+ Kf5 57. Nxd7 g4 58. Ra5+ Ke4 59. hxg4 1-0


[Site "https://www.chess.com"]

[Event "Titled Tuesday Blitz August 15 Early 2023"]
[White "Pert, Richard G"]
[Black "Wagner, Dennis"]
[WhiteFideId "404748"]
[BlackFideId "24650684"]
[WhiteElo "2660"]
[BlackElo "2782"]
[Result "1-0"]
[Round "11"]
[TimeControl "180+1"]
[Date "2023.08.15"]
[WhiteClock "0:00:26"]
[BlackClock "0:00:01"]
[Board "25"]

1. d4 Nf6 2. Bg5 e6 3. e4 h6 4. Bxf6 Qxf6 5. c3 d6 6. Bd3 g5 7. Ne2 Nc6 8. O-O e5 9. Bb5 Bd7 10. d5 Nb8 11. Qb3 c6 12. Bc4 b6 13. dxc6 Nxc6 14. Bd5 Be7 15. Na3 O-O 16. Nc4 Rab8 17. a4 h5 18. Rad1 h4 19. f3 Kg7 20. Ne3 Na5 21. Qa2 Bd8 22. g4 b5 23. b4 Nc6 24. Bxc6 Bxc6 25. Nf5+ Kg8 26. Rxd6 Bb6+ 27. Kh1 Qxd6 28. Nxd6 bxa4 29. c4 Rbd8 30. c5 Bc7 31. Qd2 f6 32. Nc3 Rd7 33. b5 Ba8 34. Nd5 Bxd6 35. cxd6 Kg7 36. Nc7 Rc8 37. Nxa8 Rxa8 38. Rc1 Rad8 39. Rc6 h3 40. Kg1 a3 41. Kf2 a2 42. Qxa2 Rxd6 43. Rxd6 Rxd6 44. Qxa7+ Kg6 45. Qa2 Rd4 46. Qb2 Rd1 47. b6 Rg1 48. Kxg1 1-0


[Site "https://www.chess.com"]

[Event "Titled Tuesday Blitz August 15 Early 2023"]
[White "Akhmetov, Ayan"]
[Black "Indjic, Aleksandar"]
[WhiteFideId "13703706"]
[BlackFideId "911925"]
[WhiteElo "2588"]
[BlackElo "3000"]
[Result "0-1"]
[Round "11"]
[TimeControl "180+1"]
[Date "2023.08.15"]
[WhiteClock "0:00:00"]
[BlackClock "0:00:52"]
[Board "26"]

1. Nf3 d5 2. g3 Nc6 3. d4 Bf5 4. c4 e6 5. Bg2 Nb4 6. O-O h6 7. Nc3 Nf6 8. Ne5 Bc2 9. Qd2 Bh7 10. a3 Nc6 11. Nxc6 bxc6 12. Re1 Be7 13. e4 O-O 14. e5 Nd7 15. Qe2 a5 16. c5 Kh8 17. f4 f6 18. Be3 Rb8 19. Rad1 Rb3 20. Rd2 Qc8 21. Bh3 fxe5 22. Bxe6 e4 23. Qg4 Rd8 24. Rf1 Bg8 25. Bxg8 Rxg8 26. Qe6 Qd8 27. Qxc6 Nf6 28. h3 Qa8 29. Qa4 Rgb8 30. Rff2 c6 31. Kg2 Ne8 32. Rc2 Nc7 33. Bc1 Bf6 34. Be3 Qa6 35. Rfd2 Ne6 36. Rf2 Qd3 37. Rfd2 Qxe3 0-1


[Site "https://www.chess.com"]

[Event "Titled Tuesday Blitz August 15 Early 2023"]
[White "Paravyan, David"]
[Black "Dimitrov, Atanas"]
[WhiteFideId "4194985"]
[BlackFideId "2901315"]
[WhiteElo "2981"]
[BlackElo "2739"]
[Result "1-0"]
[Round "11"]
[TimeControl "180+1"]
[Date "2023.08.15"]
[WhiteClock "0:01:27"]
[BlackClock "0:00:00"]
[Board "27"]

1. Nf3 d5 2. g3 Nf6 3. Bg2 g6 4. O-O c5 5. c4 d4 6. b4 cxb4 7. a3 bxa3 8. Nxa3 Nc6 9. Nb5 Bg7 10. Bb2 O-O 11. Nfxd4 Nxd4 12. Bxd4 a6 13. Be5 Ne8 14. Bxg7 Kxg7 15. Qc2 Nf6 16. Qb2 Qb6 17. Rfb1 Bf5 18. Nd4 Qc5 19. Nxf5+ Qxf5 20. Qxb7 Rab8 21. Qxb8 Rxb8 22. Rxb8 Qe5 23. Rbb1 Qxe2 24. Re1 Qxc4 25. Rxe7 Qd4 26. Rae1 Qxd2 27. Bf3 a5 28. Kg2 h5 29. h3 Qd4 30. Rb1 Qc4 31. Rbb7 a4 32. Ra7 g5 33. Rec7 Qb3 34. Be2 Qd5+ 35. Kg1 Ne8 36. Rd7 Qe4 37. Re7 Qb1+ 38. Kg2 Nd6 39. Rxa4 Qf5 40. Raa7 Qd5+ 41. Bf3 Qf5 42. Red7 Qe5 43. Bxh5 Kh6 44. Bf3 Kg7 45. Ra6 Nf5 46. Rd5 1-0


[Site "https://www.chess.com"]

[Event "Titled Tuesday Blitz August 15 Early 2023"]
[White "Papasimakopoulos, Alexandros"]
[Black "Moskalenko, Alexander"]
[WhiteFideId "4244125"]
[BlackFideId "4155351"]
[WhiteElo "2705"]
[BlackElo "2889"]
[Result "0-1"]
[Round "11"]
[TimeControl "180+1"]
[Date "2023.08.15"]
[WhiteClock "0:00:25"]
[BlackClock "0:01:27"]
[Board "28"]

1. d4 e6 2. c4 b6 3. e4 Bb7 4. Bd3 f5 5. exf5 Bb4+ 6. Kf1 Nf6 7. a3 Bd6 8. Nc3 O-O 9. Nf3 Nc6 10. fxe6 dxe6 11. Qe2 Qe8 12. Bg5 h6 13. Bh4 Qh5 14. Qxe6+ Kh8 15. Qf5 g5 16. Bg3 Ne7 17. Qe6 Bxg3 18. Qxe7 Rae8 19. Qb4 Bxf3 20. fxg3 Ng4 21. gxf3 Rxf3+ 22. Kg2 Rf2+ 23. Kg1 Rxh2 24. Be4 Qh3 25. Ne2 Rxh1+ 26. Bxh1 Qh2+ 27. Kf1 Qf2# 0-1


[Site "https://www.chess.com"]

[Event "Titled Tuesday Blitz August 15 Early 2023"]
[White "Lysyj, Igor"]
[Black "Hua, Lefong"]
[WhiteFideId "4150120"]
[BlackFideId "2602253"]
[WhiteElo "2870"]
[BlackElo "2699"]
[Result "1/2-1/2"]
[Round "11"]
[TimeControl "180+1"]
[Date "2023.08.15"]
[WhiteClock "0:00:24"]
[BlackClock "0:00:16"]
[Board "29"]

1. d4 Nf6 2. c4 c5 3. d5 e6 4. Nc3 exd5 5. cxd5 d6 6. Nf3 g6 7. e4 Bg7 8. h3 a6 9. a4 Nbd7 10. Bd3 Nh5 11. O-O Ne5 12. Be2 Nxf3+ 13. Bxf3 Qh4 14. Bxh5 gxh5 15. Ne2 Rg8 16. Nf4 Be5 17. Qf3 Bd7 18. Kh2 O-O-O 19. Kh1 Rg4 20. g3 Rxf4 21. gxf4 Bxh3 22. Qg3 Qxg3 23. fxg3 Bxf1 24. fxe5 Bd3 25. Bg5 Bxe4+ 26. Kh2 Rg8 27. Bf6 dxe5 28. Rc1 Bxd5 29. Rxc5+ Bc6 30. b4 Rg6 31. Bxe5 b6 32. Rc4 Kd7 33. Rd4+ Ke7 34. a5 bxa5 35. bxa5 Re6 36. Bf4 Re2+ 37. Kg1 Rg2+ 38. Kf1 Ra2 39. Bd2 Bb5+ 40. Ke1 Ra4 41. Rd5 Re4+ 42. Kd1 Ke6 43. Rg5 f6 44. Rg7 Rg4 45. Rxh7 Rxg3 46. Rxh5 f5 47. Rh4 Rg2 48. Kc1 Ke5 49. Rb4 Rg1+ 50. Kb2 Rg2 51. Kc1 Re2 52. Rh4 Rg2 53. Rb4 1/2-1/2


[Site "https://www.chess.com"]

[Event "Titled Tuesday Blitz August 15 Early 2023"]
[White "Ozen, Deniz"]
[Black "Dehtiarov, Roman"]
[WhiteFideId "6349196"]
[BlackFideId "14186640"]
[WhiteElo "2849"]
[BlackElo "2674"]
[Result "1-0"]
[Round "11"]
[TimeControl "180+1"]
[Date "2023.08.15"]
[WhiteClock "0:01:56"]
[BlackClock "0:00:02"]
[Board "30"]

1. d4 Nf6 2. c3 d5 3. Nf3 c5 4. dxc5 e6 5. b4 a5 6. a3 Ne4 7. Bb2 b6 8. cxb6 Qxb6 9. e3 Ba6 10. Bxa6 Qxa6 11. Nbd2 Nc6 12. Qe2 Qb7 13. O-O Be7 14. Nxe4 dxe4 15. Nd2 Ne5 16. c4 Nd3 17. Bxg7 Rg8 18. Bc3 axb4 19. axb4 Rxa1 20. Rxa1 Bxb4 21. Bxb4 Nxb4 22. Rb1 Ke7 23. Qh5 Rb8 24. Qxh7 Qc6 25. Qh4+ Kd7 26. Qxe4 Qxe4 27. Nxe4 Ra8 28. h4 Na6 29. h5 Nc7 30. h6 Rh8 31. h7 f5 32. Nf6+ Ke7 33. Rb7 Kd6 34. f4 Kc6 35. Ra7 Kb6 36. Ra2 Kc6 37. Rd2 Rf8 38. Rd7 Rh8 39. Rg7 Kd6 40. Rg8 Rxg8 1-0


[Site "https://www.chess.com"]

[Event "Titled Tuesday Blitz August 15 Early 2023"]
[White "Klukin, Kirill"]
[Black "Kleiman, Jake"]
[WhiteFideId "24199273"]
[BlackFideId "2020041"]
[WhiteElo "2824"]
[BlackElo "2683"]
[Result "0-1"]
[Round "11"]
[TimeControl "180+1"]
[Date "2023.08.15"]
[WhiteClock "0:00:02"]
[BlackClock "0:00:06"]
[Board "31"]

1. d4 Nf6 2. c4 e6 3. Nc3 Bb4 4. e3 O-O 5. Bd2 d5 6. Nf3 c5 7. a3 Bxc3 8. Bxc3 Ne4 9. Rc1 b6 10. cxd5 Qxd5 11. Bd3 Bb7 12. Qc2 h6 13. Bxe4 Qxe4 14. Qxe4 Bxe4 15. dxc5 bxc5 16. Ne5 f6 17. f3 Bb7 18. Nd3 Nd7 19. Kf2 a5 20. Rhd1 Rfc8 21. Nf4 Nf8 22. Rd6 Kf7 23. Rcd1 Ke7 24. Nh5 Bd5 25. Rb6 Bc6 26. Be1 a4 27. Nxg7 Nd7 28. Rxc6 Rxc6 29. Bc3 Rd6 30. Rc1 Nb6 31. e4 Kf7 32. Nh5 e5 33. Ng3 Ke6 34. Nf5 Rd7 35. g4 Nc4 36. Nxh6 Rh8 37. g5 fxg5 38. Ng4 Rhd8 39. Kg3 Rd3 40. Rc2 Rf8 41. Rf2 Rf4 42. Kg2 Ne3+ 43. Nxe3 Rxe3 44. Bd2 Rd3 45. Bxf4 exf4 46. h4 gxh4 47. Kh3 Ke5 48. Kxh4 Kd4 49. Kg4 Ke3 50. Rd2 Rxd2 51. e5 Re2 52. e6 Kf2 53. Kf5 Kxf3 0-1


[Site "https://www.chess.com"]

[Event "Titled Tuesday Blitz August 15 Early 2023"]
[White "Pakleza, Zbigniew"]
[Black "Omorjan, Dejan"]
[WhiteFideId "1119290"]
[BlackFideId "955345"]
[WhiteElo "2818"]
[BlackElo "2661"]
[Result "1-0"]
[Round "11"]
[TimeControl "180+1"]
[Date "2023.08.15"]
[WhiteClock "0:00:07"]
[BlackClock "0:00:09"]
[Board "32"]

1. d4 d6 2. Nf3 Bg4 3. Bf4 Nd7 4. Nbd2 g6 5. h3 Bxf3 6. Nxf3 Bg7 7. e3 e5 8. Bh2 Ne7 9. Be2 O-O 10. O-O Nc6 11. c3 Kh8 12. b4 a5 13. b5 Ne7 14. Rc1 Nf5 15. Qb3 Nh4 16. Rfd1 e4 17. Nxh4 Qxh4 18. b6 Nxb6 19. c4 a4 20. Qb5 Ra7 21. c5 dxc5 22. dxc5 Na8 23. Rd7 Qf6 24. Rcd1 c6 25. Qb4 Qb2 26. Qxb2 Bxb2 27. Bc4 Kg7 28. Bd6 b5 29. Rxa7 bxc4 30. Bxf8+ Kxf8 31. Rxa8+ Kg7 32. Rxa4 c3 33. Rc4 1-0


[Site "https://www.chess.com"]

[Event "Titled Tuesday Blitz August 15 Early 2023"]
[White "Vaishali, Rameshbabu"]
[Black "Molina, Roberto Junio Brito"]
[WhiteFideId "5091756"]
[BlackFideId "2109450"]
[WhiteElo "2659"]
[BlackElo "2813"]
[Result "0-1"]
[Round "11"]
[TimeControl "180+1"]
[Date "2023.08.15"]
[WhiteClock "0:00:00"]
[BlackClock "0:00:50"]
[Board "33"]

1. e4 c6 2. Nc3 d5 3. Nf3 dxe4 4. Nxe4 Bg4 5. h3 Bxf3 6. Qxf3 Nd7 7. d4 Ndf6 8. c3 Nxe4 9. Qxe4 Nf6 10. Qe3 Qd5 11. c4 Qe4 12. Qxe4 Nxe4 13. Be3 e6 14. Bd3 Bb4+ 15. Ke2 Nf6 16. g4 O-O-O 17. Bc2 Ba5 18. Rad1 Rd7 19. Rd3 Bb6 20. Rhd1 Rhd8 21. f3 h6 22. h4 Ne8 23. Ba4 Re7 24. f4 Bc7 25. Kf3 Nd6 26. Rc1 h5 27. g5 Nf5 28. Bf2 Bb6 29. Rcd1 g6 30. a3 Red7 31. d5 Bxf2 32. Kxf2 exd5 33. cxd5 Rxd5 34. Rxd5 Rxd5 35. Rxd5 cxd5 36. Bb3 Ne7 37. Ke3 Kd7 38. Kd4 Kd6 39. Bc2 Nc6+ 40. Kc3 Ne7 41. Kd4 b6 42. b4 a5 43. Bd3 axb4 44. axb4 Ke6 45. b5 Kd6 46. Bc2 Nf5+ 47. Kc3 Nxh4 0-1


[Site "https://www.chess.com"]

[Event "Titled Tuesday Blitz August 15 Early 2023"]
[White "Putnam, Liam"]
[Black "Ovchinnikov, Vsevolod"]
[WhiteFideId "30938279"]
[BlackFideId "24176842"]
[WhiteElo "2805"]
[BlackElo "2642"]
[Result "0-1"]
[Round "11"]
[TimeControl "180+1"]
[Date "2023.08.15"]
[WhiteClock "0:01:04"]
[BlackClock "0:00:07"]
[Board "34"]

1. c3 Nf6 2. Qa4 g6 3. f3 Bg7 4. Kd1 c5 5. Qh4 Nc6 6. Qe1 d5 7. d3 b6 8. e3 e5 9. Kc2 a5 10. b3 a4 11. Na3 O-O 12. Bb2 Be6 13. Ne2 Qd7 14. g4 h5 15. gxh5 Nxh5 16. Ng3 Nf6 17. h4 d4 18. h5 axb3+ 19. axb3 dxc3 20. Bxc3 Nd5 21. hxg6 fxg6 22. Bb2 Rxf3 23. Nc4 Ndb4+ 24. Kb1 Rxa1+ 25. Bxa1 b5 26. Nd2 Qa7 27. Bb2 e4 28. d4 Qa2+ 29. Kc1 Rxf1 30. Qxf1 Nd3+ 31. Qxd3 exd3 32. Nge4 cxd4 33. exd4 Nxd4 34. Nc3 Ne2+ 35. Nxe2 Qxb2+ 36. Kd1 dxe2+ 37. Kxe2 Bxb3 38. Rb1 Bc4+ 39. Kd1 Qd4 40. Rc1 Bh6 41. Rc2 Bb3 42. Kc1 Qa1# 0-1


[Site "https://www.chess.com"]

[Event "Titled Tuesday Blitz August 15 Early 2023"]
[White "Komov, Roman"]
[Black "Materia, Marco"]
[WhiteFideId "24175714"]
[BlackFideId "45150451"]
[WhiteElo "2634"]
[BlackElo "2801"]
[Result "1/2-1/2"]
[Round "11"]
[TimeControl "180+1"]
[Date "2023.08.15"]
[WhiteClock "0:00:05"]
[BlackClock "0:00:21"]
[Board "35"]

1. e4 c5 2. Nf3 e6 3. c3 d5 4. exd5 Qxd5 5. d4 Nf6 6. Be2 Nc6 7. O-O Be7 8. c4 Qd8 9. dxc5 Qxd1 10. Rxd1 Bxc5 11. Nc3 O-O 12. a3 Be7 13. Bf4 b6 14. Nb5 Bb7 15. Nd6 Bxd6 16. Bxd6 Rfd8 17. Bf4 Ne4 18. Rxd8+ Rxd8 19. Rd1 Rxd1+ 20. Bxd1 Na5 21. Be2 Ba6 22. Bb8 Bxc4 23. Bxc4 Nxc4 24. Bxa7 Nxb2 25. Bxb6 Nc4 26. Bd4 Nxa3 27. Kf1 f6 28. Ke2 Nb5 29. Bb2 Kf7 30. Ke3 Ned6 31. Ke2 e5 32. Nd2 Ke6 33. f3 Nf5 34. Ne4 Nbd4+ 35. Kf2 h5 36. Bc1 Ne7 37. Bb2 Nec6 38. Bc3 Nb5 39. Bb2 Nb4 40. Ke2 Nd5 41. g3 g6 42. Kd3 Nb6 43. Nc5+ Kd5 44. Ne4 Nd7 45. Nd2 Nc5+ 46. Ke2 Nd4+ 47. Ke3 Nf5+ 48. Ke2 Na4 49. Ba1 Nd6 50. Kd3 Nc5+ 51. Ke2 Ne6 52. Kf2 f5 53. Bc3 Nb5 54. Bb2 Nc5 55. Ke3 f4+ 56. gxf4 exf4+ 57. Ke2 g5 58. Bf6 g4 59. Bg5 Nd4+ 60. Kf1 Nd3 61. fxg4 hxg4 62. Kg2 Ke6 63. h3 Kf5 64. Bxf4 Nxf4+ 65. Kg3 Nxh3 66. Nf1 Ne2+ 67. Kh2 Kf4 68. Kg2 Ng5 69. Nh2 g3 70. Nf1 Nf3 71. Nxg3 Nxg3 1/2-1/2


[Site "https://www.chess.com"]

[Event "Titled Tuesday Blitz August 15 Early 2023"]
[White "Di Nicolantonio, Lucas"]
[Black "Yanchenko, Roman"]
[WhiteFideId "680460"]
[BlackFideId "4137329"]
[WhiteElo "2626"]
[BlackElo "2786"]
[Result "0-1"]
[Round "11"]
[TimeControl "180+1"]
[Date "2023.08.15"]
[WhiteClock "0:00:03"]
[BlackClock "0:00:17"]
[Board "36"]

1. Nf3 d5 2. e3 Nf6 3. c4 c6 4. Nc3 a6 5. d4 Bf5 6. Qb3 Ra7 7. Bd2 e6 8. Nh4 Be4 9. f3 dxc4 10. Qxc4 Bd5 11. Qe2 c5 12. dxc5 Bxc5 13. e4 Bc6 14. O-O-O Nbd7 15. g4 Nxg4 16. Nf5 exf5 17. fxg4 fxg4 18. Qxg4 O-O 19. Kb1 Qf6 20. Qg3 Qg6 21. Qh4 Ne5 22. Be2 Raa8 23. Bf4 Rae8 24. Bh5 Qe6 25. Nd5 Ng6 26. Bxg6 hxg6 27. Rhe1 Bd6 28. Nf6+ gxf6 29. Bxd6 Ba4 30. Rd4 Rd8 31. Re3 Rxd6 32. Rxa4 Rd1+ 33. Kc2 Rfd8 34. Raa3 Qc4+ 35. Rac3 R8d2# 0-1


[Site "https://www.chess.com"]

[Event "Titled Tuesday Blitz August 15 Early 2023"]
[White "Kosteniuk, Alexandra"]
[Black "Bodnaruk, Anastasia"]
[WhiteFideId "4128125"]
[BlackFideId "4181751"]
[WhiteElo "2749"]
[BlackElo "2623"]
[Result "1-0"]
[Round "11"]
[TimeControl "180+1"]
[Date "2023.08.15"]
[WhiteClock "0:00:24"]
[BlackClock "0:00:00"]
[Board "37"]

1. Nf3 Nf6 2. g3 g6 3. Bg2 Bg7 4. O-O O-O 5. d4 d5 6. c3 c5 7. dxc5 Ne4 8. Be3 Na6 9. b4 Nxb4 10. cxb4 Bxa1 11. Nd4 a5 12. Nd2 Bxd4 13. Bxd4 axb4 14. Nxe4 dxe4 15. Bxe4 Rxa2 16. e3 Be6 17. Qf3 b3 18. Bxb7 b2 19. Rb1 Qa5 20. Kg2 Qb4 21. Be4 Qa3 22. Qf4 f6 23. Qc7 Qa7 24. Qxa7 Rxa7 25. Rxb2 Rc8 26. c6 Rac7 27. Rb7 Rxc6 28. Bxc6 Rxc6 29. Rxe7 Bd5+ 30. e4 Bf7 31. Rd7 Re6 32. f3 h5 33. h3 Kg7 34. g4 hxg4 35. hxg4 g5 36. Rd5 Kg6 37. Rf5 Rc6 38. Kg3 Ra6 39. e5 fxe5 40. Bxe5 Re6 41. Bc3 Rd6 42. Bb2 Rc6 43. Be5 Re6 44. Kf2 Be8 45. Bd4 1-0


[Site "https://www.chess.com"]

[Event "Titled Tuesday Blitz August 15 Early 2023"]
[White "Akobian, Varuzhan"]
[Black "gmbenjaminbok"]
[WhiteFideId "13300580"]
[WhiteElo "2747"]
[BlackElo "2921"]
[Result "0-1"]
[Round "11"]
[TimeControl "180+1"]
[Date "2023.08.15"]
[WhiteClock "0:00:00"]
[BlackClock "0:01:52"]
[Board "38"]

1. d4 Nf6 2. c4 e6 3. Nc3 Bb4 4. Qc2 d5 5. a3 Bxc3+ 6. Qxc3 O-O 7. Bg5 h6 8. Bxf6 Qxf6 9. Nf3 dxc4 10. Qxc4 Nc6 11. e3 e5 12. d5 e4 13. Nd2 Ne7 14. Rb1 Bf5 15. Qxc7 Rfc8 16. Qa5 Rc2 17. Be2 b6 18. Qa4 Rxb2 19. Rxb2 Qxb2 20. Qb5 Qc1+ 21. Bd1 Rd8 0-1


[Site "https://www.chess.com"]

[Event "Titled Tuesday Blitz August 15 Early 2023"]
[White "Thecourseoisildur"]
[Black "Ter-Sahakyan, Samvel"]
[BlackFideId "13302531"]
[WhiteElo "2584"]
[BlackElo "2817"]
[Result "1-0"]
[Round "11"]
[TimeControl "180+1"]
[Date "2023.08.15"]
[WhiteClock "0:00:05"]
[BlackClock "0:00:00"]
[Board "39"]

1. d4 f5 2. g3 Nf6 3. Bg2 e6 4. c4 c6 5. Nf3 d5 6. O-O Bd6 7. b3 Qe7 8. Bb2 O-O 9. Qc1 a5 10. Ba3 Bd7 11. Bxd6 Qxd6 12. Qa3 Qxa3 13. Nxa3 Be8 14. Nc2 Bh5 15. Nce1 Ne4 16. Nd3 Nd7 17. Rfe1 g5 18. Nfe5 Nxe5 19. Nxe5 a4 20. f3 Nd6 21. Kf2 Ra7 22. Nd7 Rf7 23. Ne5 Rc7 24. c5 Nb5 25. e3 g4 26. Bf1 Na3 27. Bd3 gxf3 28. h3 Rg7 29. Rg1 Bg6 30. Nxf3 h5 31. Ne5 Ra8 32. g4 hxg4 33. hxg4 Bh7 34. gxf5 Bxf5 35. Bxf5 exf5 36. Rxg7+ Kxg7 37. Rg1+ Kf8 38. Rg5 Nb5 39. Rxf5+ Kg8 40. Rg5+ Kh7 41. Rf5 a3 42. Rf7+ Kg8 43. Rxb7 Nc3 44. Nxc6 Nxa2 45. Kg3 Nc3 46. Nb4 a2 47. Nxa2 Nxa2 48. Kf4 Nc3 49. b4 Ra6 50. b5 Re6 51. c6 Nxb5 52. Rxb5 Rxc6 53. Rxd5 Kf7 54. Rf5+ Kg6 55. Re5 Rc1 56. Ke4 Kf6 57. Kd5 Ra1 58. Re6+ Kf5 59. Re8 Ra5+ 60. Kc4 Ra4+ 61. Kd3 Ra3+ 62. Ke2 Ra2+ 63. Kf3 Ra3 64. Rf8+ Ke6 65. Ke4 Ra4 66. Rh8 Kf6 67. Rh6+ Kg5 68. Rc6 Rb4 69. Kd5 Rb5+ 70. Rc5 Rb1 71. e4 Kf4 72. e5 Rb8 73. Rc6 Rd8+ 74. Rd6 Ra8 75. Rf6+ Kg5 76. Rf1 Rd8+ 77. Ke4 Ra8 78. e6 Ra6 79. Ke5 Ra2 80. e7 Re2+ 81. Kd6 1-0


[Site "https://www.chess.com"]

[Event "Titled Tuesday Blitz August 15 Early 2023"]
[White "Bersamina, Paulo"]
[Black "Yelisieiev, Yevhenii"]
[WhiteFideId "5206995"]
[BlackFideId "14139642"]
[WhiteElo "2735"]
[BlackElo "2561"]
[Result "0-1"]
[Round "11"]
[TimeControl "180+1"]
[Date "2023.08.15"]
[WhiteClock "0:00:02"]
[BlackClock "0:00:03"]
[Board "40"]

1. e4 d6 2. d4 Nf6 3. Nc3 e5 4. Nf3 Nbd7 5. Bc4 Be7 6. a4 O-O 7. O-O c6 8. h3 a5 9. Re1 Nb6 10. Bb3 Nfd7 11. Be3 exd4 12. Nxd4 Nc5 13. Ba2 Nbxa4 14. Nxa4 Nxa4 15. Bxf7+ Rxf7 16. Rxa4 Bd7 17. c4 b5 18. cxb5 cxb5 19. Ra1 a4 20. Qd2 Qa5 21. Qe2 Rff8 22. Bd2 Qb6 23. Nf5 Bxf5 24. exf5 Bf6 25. Bb4 Rfe8 26. Qd2 Qd4 27. Rad1 Qxd2 28. Rxe8+ Rxe8 29. Rxd2 d5 30. Rxd5 Bxb2 31. Rxb5 Ra8 32. g4 a3 33. Bxa3 Bxa3 34. Kg2 Be7 35. Rb3 Kf7 36. Kg3 Ra1 37. Rb7 h5 38. g5 Ra5 39. Kf4 Ra4+ 40. Ke5 Ra5+ 41. Ke4 h4 42. f4 Ra3 43. Ke5 Re3+ 44. Kd4 Rxh3 45. Ke4 Rh1 46. g6+ Ke8 47. Rb8+ Bd8 48. f6 gxf6 49. Kf5 Rg1 50. Rb7 h3 51. Rh7 Rg3 52. Ke6 Kf8 53. f5 Kg8 54. Rh4 Re3+ 55. Kd7 Ba5 56. Kd6 Bc3 57. Rh7 h2 58. Kd5 Be5 59. Ke6 Re1 60. Ra7 Bd4+ 0-1


[Site "https://www.chess.com"]